 Dungeon Crawl Stone Soup version 0.23-a0-577-g2b1de94 (webtiles) character file.

111 mhoghedin the Bolt Thrower (level 5, -4/32 HPs)
             Began as a Kobold Hunter on Dec 15, 2018.
             Was an Initiate of Qazlal.
             Slain by a black bear (7 damage)
             ... on level 3 of the Dungeon.
             The game lasted 00:04:06 (2858 turns).

mhoghedin the Bolt Thrower (Kobold Hunter)          Turns: 2858, Time: 00:04:06

Health: -4/32      AC:  3    Str: 11    XL:     5   Next: 15%
Magic:  5/5        EV: 16    Int: 12    God:    Qazlal [......]
Gold:   137        SH:  0    Dex: 15    Spells: 4/4 levels left

rFire    . . .     SeeInvis .   a - +1 hand crossbow
rCold    . . .     Gourm    .   (shield restricted)
rNeg     . . .     Faith    .   h - +0 robe (curse)
rPois    .         Spirit   .   (no helmet)
rElec    .         Reflect  .   (no cloak)
rCorr    .         Harm     .   l - +0 pair of gloves
MR       .....                  (no boots)
Stlth    ++........             r - amulet of regeneration {+regen, !d}
HPRegen  0.50/turn              (no ring)
MPRegen  0.09/turn              (no ring)

@: no status effects
A: small, carnivore
a: Renounce Religion


You were on level 3 of the Dungeon.
You worshipped Qazlal.
Qazlal was noncommittal.
You were not hungry.

You visited 1 branch of the dungeon, and saw 4 of its levels.

You collected 137 gold pieces.

Inventory:

Hand Weapons
 a - a +1 hand crossbow (weapon)
 b - a +0 short sword
Missiles
 d - 19 bolts (quivered)
 n - a throwing net {=f, !d}
Armour
 c - a +0 leather armour
 h - a cursed +0 robe (worn)
   (You found it on level 1 of the Dungeon)
 l - a +0 pair of gloves (worn)
   (You found it on level 1 of the Dungeon)
Jewellery
 r - an amulet of regeneration (around neck) {+regen, !d}
   (You found it on level 2 of the Dungeon)
 s - a cursed -3 ring of intelligence
   (You found it on level 2 of the Dungeon)
Scrolls
 e - 2 scrolls of teleportation
 j - 4 scrolls of remove curse
 k - a scroll of enchant armour
 t - a scroll of random uselessness {unknown}
 u - a scroll of immolation {unknown}
 w - a scroll of amnesia {unknown}
 y - a scroll of magic mapping {unknown}
 B - a scroll of enchant weapon {unknown}
Potions
 g - a potion of resistance {unknown}
 i - a potion of curing
 m - 2 potions of cancellation
 o - a potion of lignification {!q}
 q - 2 potions of brilliance
 v - 5 potions of heal wounds
 x - a potion of agility
 z - a potion of degeneration {unknown}
 A - a potion of invisibility
Comestibles
 f - 2 rations


   Skills:
 + Level 3.5 Fighting
 - Level 1.0 Short Blades
 + Level 5.6 Crossbows
 + Level 3.7 Dodging
 - Level 1.8 Stealth


You had 4 spell levels left.
You didn't know any spells.
Your spell library contained the following spells:

 Spells                   Type           Power        Failure   Level  Hunger
 Confusing Touch          Hex            #.....       32%         1    ##.....
 Confuse                  Hex            #.......     69%         3    ####...
 Gell's Gravitas          Tloc           #.........   69%         3    ####...
 Petrify                  Tmut/Erth      #.......     97%         4    #####..
 Metabolic Englaciation   Hex/Ice        #.........   100%        5    ######.
 Yara's Violent Unravell  Hex/Tmut       #.........   100%        5    ######.


Dungeon Overview and Level Annotations

Branches:
Dungeon (4/15)
 Temple: D:4-7

Altars:
Ashenzari
Qazlal
Sif Muna
Uskayaw
Wu Jian

Annotations:
D:2 1 runed door


Innate Abilities, Weirdness & Mutations

You are small and have problems with some larger weapons.
You are carnivorous and can eat meat at any time.


Message History

d - 24 bolts (gained 1)
Found a stone staircase leading up.
You are feeling very hungry.
You open the door.
There is an open door here.
v - 4 grey potions (gained 1)
There is an open door here.
An adder comes into view.
An adder is nearby!
An adder is nearby!
Firing (i - inventory. (/) - cycle)
d - 24 bolts (quivered)
Aim: an adder (resting)
You shoot a bolt. The bolt hits the adder!
You kill the adder!
Qazlal accepts your kill.
No target in view!
No target in view!
No target in view!
d - 24 bolts (gained 1)
You see here a short sword.
You see here a falchion.
Found a deep blue altar of Sif Muna.
There is an open door here.
You are near starving!
You eat one of the 4 rations.
That ration really hit the spot!
You eat one of the 3 rations.
That ration really hit the spot!
You now have 137 gold pieces (gained 11).
v - 5 grey potions (gained 1) Done exploring.
Done exploring.
Done exploring.
No target in view!
No target in view!
Done exploring.
Done exploring.
As you read the scroll of identify, it crumbles to dust.
s - a cursed -3 ring of intelligence
As you read the scroll of identify, it crumbles to dust.
v - 5 potions of heal wounds
As you read the scroll of identify, it crumbles to dust.
A - a potion of invisibility
As you read the scroll of identify, it crumbles to dust.
x - a potion of agility Done exploring.
Done exploring.
(D) Dungeon
Where to? (Enter - D:3, ? - help)
Things that are here:
a +0 short sword; a kobold skeleton
There is a stone staircase leading down here.
You climb downwards.
A hound and a black bear come into view.
There is a stone staircase leading up here.
There are monsters nearby!
Firing (i - inventory. (/) - cycle)
d - 24 bolts (quivered)
Aim: a black bear (resting)
You shoot a bolt. The bolt hits the black bear!
Firing (i - inventory. (/) - cycle)
d - 23 bolts (quivered)
Aim: a black bear (heavily wounded)
You shoot a bolt. The bolt hits the black bear.
The black bear bites you. The black bear claws you. The black bear misses you.
You take 5 damage, and have 27/32 hp.
Firing (i - inventory. (/) - cycle)
d - 22 bolts (quivered)
Aim: a black bear (heavily wounded)
You shoot a bolt. The bolt barely misses the black bear.
The hound barks!
The black bear closely misses you. The black bear claws you. x2
You take 3 damage, and have 24/32 hp.
Firing (i - inventory. (/) - cycle)
d - 21 bolts (quivered)
Aim: a black bear (heavily wounded)
You shoot a bolt. The bolt barely misses the black bear.
The black bear bites you. The black bear completely misses you.
The black bear claws you.
You take 7 damage, and have 17/32 hp.
MASSIVE DAMAGE!!
You are too injured to fight recklessly!
You are too injured to fight recklessly!
Firing (i - inventory. (/) - cycle)
d - 20 bolts (quivered)
Aim: a black bear (heavily wounded)
You shoot a bolt. The bolt hits the black bear!
The black bear goes berserk!
The black bear barely misses you. x2; The black bear claws you.
You take 2 damage, and have 15/32 hp.
The hound closely misses you. The black bear bites you.
The black bear closely misses you.
The black bear claws you but does no damage.
You climb upwards.
There is a stone staircase leading down here.
You take 3 damage, and have 12/32 hp.
The hound closely misses you. The black bear closely misses you.
The black bear claws you.
* * * LOW HITPOINT WARNING * * *
The black bear barely misses you. The hound barely misses you.
The black bear barely misses you. The black bear claws you.
* * * LOW HITPOINT WARNING * * *
The black bear closely misses you.
You take 9 damage, and have 3/32 hp.
MASSIVE DAMAGE!!
The black bear bites you!
You die...

#.###.# #.# #.# #.#
#.# ### #.# #.# #.#
#.# #.# #.# ### #.#
#.# ### #.# #.# #.)
#########.###.####.#
#.h@................
#>h....).)..........
######..........#...
#..........#...
#..........#...
########.###...
#.............
#.#####.###... #.#
#.# #...


You could see a black bear (berserk) and a hound.

Vanquished Creatures
  2 adders
  3 worms
  2 leopard geckos (D:1)
  3 giant cockroaches
  6 goblins
  6 hobgoblins
  9 jackals
  14 kobolds
  2 quokkas (D:2)
  A ball python (D:2)
  16 bats
  2 frilled lizards
  A quokka skeleton (D:3)
  11 rats
78 creatures vanquished.

Notes
Turn   | Place    | Note
-------+----------+-------------------------------------------
     0 | D:1      | mhoghedin the Kobold Hunter began the quest for the Orb.
     0 | D:1      | Reached XP level 1. HP: 12/12 MP: 1/1
    65 | D:1      | HP: 3/12 [leopard gecko (2)]
    71 | D:1      | Reached skill level 1 in Short Blades
   351 | D:1      | Reached XP level 2. HP: 18/18 MP: 2/2
   571 | D:1      | Reached skill level 5 in Crossbows
   742 | D:1      | Reached XP level 3. HP: 22/22 MP: 3/3
   833 | D:1      | Reached skill level 3 in Dodging
  1057 | D:2      | Reached skill level 3 in Fighting
  1354 | D:2      | Reached XP level 4. HP: 28/28 MP: 4/4
  1701 | D:2      | Found a runed door.
  1766 | D:2      | Found a stormy altar of Qazlal.
  1942 | D:2      | Found a shattered altar of Ashenzari.
  1942 | D:2      | Found a hide-covered altar of Uskayaw.
  2063 | D:2      | Became a worshipper of Qazlal Stormbringer
  2324 | D:3      | Found an ornate altar of the Wu Jian Council.
  2411 | D:3      | Reached XP level 5. HP: 32/32 MP: 5/5
  2720 | D:3      | Found a deep blue altar of Sif Muna.
  2849 | D:4      | Noticed a black bear
  2857 | D:3      | HP: 8/32 [black bear (5)]
  2857 | D:3      | HP: 3/32 [black bear (5)]
  2858 | D:3      | Slain by a black bear

Vault maps used:
D:1:      onia_arrival_larder
D:2:      gammafunk_temple_overflow_wave, first_ration,
          nicolae_qazlal_eye_of_the_storm, uniq_crazy_yiuf_cottage
D:3:      old_standard_altar, nicolae_overflow_hidden_temple,
          nrook_loot_triangle
D:4:      kennysheep_little_box, kennysheep_mini_moat, guppyfry_early_orc_mine,
          uniq_grinder, uniq_duvessa

Skill      XL: |  1  2  3 |
---------------+----------+-----
Short Blades   | 1 |  1.0
Crossbows      | 5 |  5.6
Dodging        | 3 |  3.7
Fighting       | 3 |  3.5
Stealth        | |  1.8

Action                   |  1- 3 |  4- 6 || total
-------------------------+-------+-------++-------
Melee: Short sword       |     4 |       ||     4
 Fire: Hand crossbow     |    76 |    67 ||   143
  Use: Scroll            |     8 |     4 ||    12
  Eat: Chunk             |     1 |     3 ||     4
       Ration            |       |     2 ||     2
Armor: Leather armour    |    12 |       ||    12
       Robe              |     4 |     6 ||    10
Dodge: Dodged            |    38 |    31 ||    69

Table legend:
 A = Non-vault XP
 B = Vault XP
 C = Vault XP percentage of total XP
 D = Non-vault monster count
 E = Vault monster count
 F = Vault count percentage of total count
                 A         B        C        D         E       F
            +---------+---------+-------+---------+---------+-------
      Total |     153 |       6 |   3.8 |      73 |       5 |   6.4
            +---------+---------+-------+---------+---------+-------
        D:1 |      41 |       6 |  12.8 |      25 |       5 |  16.7
        D:2 |      72 |       0 |   0.0 |      32 |       0 |   0.0
        D:3 |      40 |       0 |   0.0 |      16 |       0 |   0.0
            +---------+---------+-------+---------+---------+-------

Vault maps used:
D:1:      onia_arrival_larder
D:2:      gammafunk_temple_overflow_wave, first_ration,
          nicolae_qazlal_eye_of_the_storm, uniq_crazy_yiuf_cottage
D:3:      old_standard_altar, nicolae_overflow_hidden_temple,
          nrook_loot_triangle
D:4:      kennysheep_little_box, kennysheep_mini_moat, guppyfry_early_orc_mine,
          uniq_grinder, uniq_duvessa

Table legend:
 A = Turns spent in this place as a percentage of turns spent in the entire game.
 B = Non-inter-level travel turns spent in this place as a percentage of non-inter-level travel turns spent in the entire game.
 C = Inter-level travel turns spent in this place as a percentage of turns spent in this place.
 D = Turns resting spent in this place as a percentage of non-inter-level travel turns spent in this place.
 E = Turns spent auto-exploring this place as a percentage of non-inter-level travel turns spent in this place.
 F = Non-inter-level travel turns spent in this place divided by the number of levels of this place that you've seen.
                   A       B       C       D       E      F
               +-------+-------+-------+-------+-------+----------------------
         Total | 100.0 | 100.0 |   3.6 |  12.0 |  76.0 | 689.0
       Dungeon | 100.0 | 100.0 |   3.6 |  12.0 |  76.0 | 689.0
               +-------+-------+-------+-------+-------+----------------------

Table legend:
 A = Kills in this place as a percentage of kills in entire the game.
 B = Kills by you in this place as a percentage of kills by you in the entire game.
 C = Kills by friends in this place as a percentage of kills by friends in the entire game.
 D = Other kills in this place as a percentage of other kills in the entire game.
 E = Experience gained in this place as a percentage of experience gained in the entire game.
 F = Experience gained in this place divided by the number of levels of this place that you have seen.
                   A       B       C       D       E      F
               +-------+-------+-------+-------+-------+----------------------
         Total | 100.0 | 100.0 |   N/A |   N/A | 100.0 |  39.8
       Dungeon | 100.0 | 100.0 |   N/A |   N/A | 100.0 |  39.8
               +-------+-------+-------+-------+-------+----------------------
